 Dungeon Crawl Stone Soup version 0.29-a0-2-g12fcac58f8 (webtiles) character file.

Game seed: 10312235287140409237

35 horus123 the Skirmisher (level 3, -1/30 HPs)
             Began as a Human Monk on Jan 26, 2022.
             Killed by nerve-wracking pain
             ... invoked by Jessica
              (13 damage)
             ... on level 2 of the Dungeon.
             The game lasted 00:01:59 (1297 turns).

horus123 the Skirmisher (Human Monk)                Turns: 1297, Time: 00:02:00

Health: -1/30      AC:  6    Str: 13    XL:     3   Next: 55%
Magic:  3/3        EV: 11    Int: 10    God:
Gold:   7          SH:  0    Dex: 15    Spells: 2/2 levels left

rFire   . . .      SeeInvis .   a - +0 mace
rCold   . . .      Faith    .   (no shield)
rNeg    . . .      Spirit   .   f - +1 ring mail {rPois}
rPois   +          Reflect  .   (no helmet)
rElec   .          Harm     .   (no cloak)
rCorr   .          Rampage  .   (no gloves)
Will    .....                   (no boots)
Stlth   +.........              (no amulet)
HPRegen 0.10/turn               h - ring of wizardry
MPRegen 0.08/turn               (no ring)

@: no status effects
A: no striking features
a: no special abilities


You were on level 2 of the Dungeon.
You visited 1 branch of the dungeon, and saw 2 of its levels.

You collected 7 gold pieces.

Inventory:

Hand Weapons
 a - a +0 mace (weapon)
Armour
 b - a +0 robe
 f - a +1 ring mail of poison resistance (worn)
Jewellery
 h - a ring of wizardry (left hand)
 j - a ring of poison resistance
Scrolls
 d - 2 scrolls of amnesia
 e - a scroll of identify
Potions
 c - 2 potions of mutation {unknown}
 g - a potion of degeneration {unknown}
 i - a potion of attraction {unknown}


   Skills:
 - Level 4.1 Fighting
 - Level 3.0 Maces & Flails
 + Level 1.0 Armour
 - Level 3.0 Dodging
 - Level 2.0 Stealth


You had 2 spell levels left.
You didn't know any spells.
Your spell library was empty.

Dungeon Overview and Level Annotations

Branches:
Dungeon (2/15)

Altars:

Annotations:
D:2 Jessica


Message History

You sock the endoplasm!
You kill the endoplasm!
No target in view!
HP restored.
A giant cockroach comes into view.
Found a club and a glowing purple potion.
The giant cockroach moves out of view.
No target in view!
Found a faded altar of an unknown god.
You see here a +0 club.
You hit the giant cockroach.
The giant cockroach is severely wounded.
The withered plant crumbles away.
The giant cockroach bites you but does no damage.
The giant cockroach bites you.
You barely miss the giant cockroach.
The giant cockroach is severely wounded.
The giant cockroach closely misses you.
You hit the giant cockroach.
You kill the giant cockroach!
Your Armour skill increases to level 1!
You see here a giant cockroach corpse.
i - a glowing purple potion
Found a leather armour.
j - a ring of poison resistance
Found 20 stones.
You see here a +0 leather armour.
Jessica the Apprentice Sorceress comes into view.
She is wielding a +0 club and wearing a +1 robe of resistance.
Jessica shouts!
Jessica closely misses you.
You closely miss Jessica. Jessica hits you with a +0 club.
Jessica points at you and mumbles some strange words.
Pain shoots through your body!
You are too injured to fight recklessly!
You hit Jessica but do no damage. Jessica closely misses you.
You closely miss Jessica. Jessica hits you with a +0 club.
You barely miss Jessica.
Jessica points at you and mumbles some strange words.
Pain shoots through your body!
You die...

####....P..#
.P
#..###.P..#
.
#.....#####
#....[.#
###.##.#
#..#.#
##.#.# .#.#
.#@# #(.@#
##..# #..#
##.# #.. #..
...


You could see Jessica.

Vanquished Creatures
  A dart slug (D:1)
  4 endoplasms
  3 giant cockroaches
  4 goblins (D:1)
  2 hobgoblins (D:1)
  4 kobolds (D:1)
  A quokka (D:1)
  4 ball pythons (D:1)
  3 bats (D:1)
  2 frilled lizards (D:1)
  3 rats (D:1)
31 creatures vanquished.

Vanquished Creatures (others)
  A fungus (D:2)
  5 plants (D:2)
  A withered plant (D:2)
7 creatures vanquished.

Grand Total: 38 creatures vanquished

Notes
Turn   | Place    | Note
-------+----------+-------------------------------------------
     0 | D:1      | horus123 the Human Monk began the quest for the Orb.
     0 | D:1      | Reached XP level 1. HP: 18/18 MP: 1/1
   317 | D:1      | Reached XP level 2. HP: 24/24 MP: 2/2
   606 | D:1      | Reached skill level 4 in Fighting
   606 | D:1      | Reached XP level 3. HP: 26/30 MP: 3/3
  1264 | D:2      | Found a faded altar of an unknown god.
  1269 | D:2      | Reached skill level 1 in Armour
  1289 | D:2      | Noticed Jessica
  1297 | D:2      | Killed from afar by Jessica

Illustrated notes

Levels and vault maps discovered:
D:1:      psy_arrival_basics, layout_loops_ring
D:2:      layout_basic, shapermc_ecumenical_altar_gd, eino_tiny_chamber,
          uniq_natasha, uniq_jessica, uniq_crazy_yiuf_cottage

Skill      XL: |  1  2  3 |
---------------+----------+-----
Fighting       | 4 |  4.1
Armour         | 1 |  1.0
Maces & Flails | |  3.0
Dodging        | |  3.0
Stealth        | |  2.0

Action                   || total
-------------------------++-------
Melee: Mace              ||    92
       Punch             ||     1
  Use: Scroll            ||     1
 Stab: Sleeping          ||     5
Armor: Robe              ||    18
       Ring mail         ||     7
Dodge: Dodged            ||    56

Table legend: (Time is in decaauts)
 A = Elapsed time spent in this place.
 B = Non-inter-level travel time spent in this place.
 C = Inter-level travel time spent in this place.
 D = Time resting spent in this place.
 E = Time spent auto-exploring this place.
 F = Levels seen in this place.
 G = Mean time per level.
                   A        B        C        D        E       F      G
               +--------+--------+--------+--------+--------+-----+--------+
         Total |   1319 |   1262 |     57 |    211 |    775 |   2 |  659.5 |
       Dungeon |   1319 |   1262 |     57 |    211 |    775 |   2 |  659.5 |
               +--------+--------+--------+--------+--------+-----+--------+

Top non-repeatable levels by time:
     D:1: 1226 daAuts
     D:2: 93 daAuts
